 Dungeon Crawl Stone Soup version 0.30.1-11-g7821555f0a (webtiles) character file.

Game seed: 4764927505389104215

33 HakonGodeson the Covered (level 3, -1/29 HPs)
             Began as a Human Fighter on Jan 12, 2024.
             Slain by Grinder (6 damage)
             ... on level 3 of the Dungeon.
             The game lasted 00:02:02 (529 turns).

HakonGodeson the Covered (Human Fighter)             Turns: 529, Time: 00:02:03

Health: -1/29      AC:  6    Str: 16    XL:     3   Next: 47%
Magic:  3/3        EV:  9    Int: 10    God:
Gold:   40         SH:  4    Dex: 12    Spells: 2/2 levels left

rFire   . . .        a - +0 long sword
rCold   . . .        c - +0 buckler
rNeg    . . .        b - +0 scale mail
rPois   .            (no helmet)
rElec   .            (no cloak)
rCorr   .            (no gloves)
SInv    .            (no boots)
Will    .....        (no amulet) Stlth
                     (no ring)
HPRegen 0.24/turn    (no ring)
MPRegen 0.08/turn

%: no passive effects
@: unable to read
A: sense surroundings 1, inability to read after injury 1, MP-powered wands
a: no special abilities


You were on level 3 of the Dungeon.
You visited 1 branch of the dungeon, and saw 3 of its levels.

You collected 40 gold pieces.

Inventory:

Hand Weapons
 a - a +0 long sword (weapon)
Armour
 b - a +0 scale mail (worn)
 c - a +0 buckler (worn)
Scrolls
 d - a scroll of enchant armour {unknown}


   Skills:
 * Level 3.2 Fighting
 * Level 2.3 Long Blades
 * Level 3.2 Armour
 * Level 0.5 Dodging
 * Level 1.0 Stealth
 * Level 3.2 Shields


You had 2 spell levels left.
You didn't know any spells.
Your spell library was empty.

Dungeon Overview and Level Annotations

Branches:
Dungeon (3/15)

Altars:

Annotations:
D:3 Grinder


Innate Abilities, Weirdness & Mutations

You passively map a small area around you.
You occasionally lose the ability to read scrolls when taking damage.
You expend magic power (3 MP) to strengthen your wands.


Message History

You can move again.
e - a bubbling clear potion
There are no items here.
Grinder attacks as you move away! Grinder hits you.
You writhe in agony.
It was a potion of ambrosia.
You are confused.
You feel invigorated. Grinder gestures at you. Pain shoots through your body!
You closely miss Grinder.
Grinder is moderately wounded.
Grinder gestures at you.
You suddenly lose the ability to move!
Grinder hits you. Grinder hits you but does no damage. Grinder hits you.
You writhe in agony.
You can move again.
You closely miss Grinder.
Grinder is moderately wounded.
Grinder hits you. x2; You writhe in agony.
You bump into the rock wall.
You feel less invigorated.
You feel less confused. Grinder hits you.
You writhe in agony.
You feel threatened and lose the ability to read scrolls!
Unknown command.
You closely miss Grinder.
Grinder is moderately wounded.
Grinder hits you but does no damage.
You closely miss Grinder.
Grinder is moderately wounded.
Grinder hits you.
You slash Grinder!
Grinder is moderately wounded.
You can read scrolls again.
Grinder says, "Make like a tree!"
Grinder hits you.
You feel threatened and lose the ability to read scrolls!
* * * LOW HITPOINT WARNING * * *
You writhe in agony.
You die...

, * ##### * * * #...# .
#...#### ≈≈. ,
######....<.######.≈≈.
####...........#......≈..
...............'......≈.8
~ ,
####.....##†...#.#.......
, *
########....#5#......#
######@#.......
#.#....... #<#......# *
########## ######### , *
..##..[.#### ..'..>.....#
, * ..##.[..##.#
####....##.#


You could see Grinder.

Vanquished Creatures
  An adder (D:3)
  A gnoll (D:1)
  A dart slug (D:1)
  A bat (D:2)
  A giant cockroach (D:3)
  3 goblins (D:2)
  A hobgoblin (D:3)
  A quokka (D:2)
  A ball python (D:3)
  A kobold (D:3)
  2 rats (D:2)
14 creatures vanquished.

Notes
Turn   | Place    | Note
-------+----------+-------------------------------------------
     0 | D:1      | HakonGodeson the Human Fighter began the quest for the Orb.
     0 | D:1      | Reached XP level 1. HP: 18/18 MP: 1/1
    35 | D:1      | Reached XP level 2. HP: 7/24 MP: 2/2
   278 | D:2      | Reached XP level 3. HP: 17/29 MP: 3/3
   343 | D:3      | Gained mutation: You passively map a small area around you.
                  | [potion of mutation]
   343 | D:3      | Gained mutation: You occasionally lose the ability to read
                  | scrolls when taking damage. [potion of mutation]
   343 | D:3      | Gained mutation: You expend magic power (3 MP) to
                  | strengthen your wands. [potion of mutation]
   464 | D:3      | Noticed Grinder
   473 | D:3      | Reached skill level 1 in Stealth
   481 | D:3      | Paralysed by Grinder for 2 turns
   504 | D:3      | Paralysed by Grinder for 5 turns
   513 | D:3      | Paralysed by Grinder for 3 turns
   521 | D:3      | Paralysed by Grinder for 4 turns
   529 | D:3      | Slain by Grinder

Illustrated notes

Levels and vault maps discovered:
D:1:      ncdulo_smallfort, layout_loops_ring, basic_ecumenical_altar
D:2:      layout_basic, minmay_misc_feat_rugged
D:3:      layout_basic, mainiacjoe_overflow_catwalk, uniq_grinder

Skill      XL: |  1  2  3 |
---------------+----------+-----
Stealth        | 1 |  1.0
Fighting       | |  3.2
Long Blades    | |  2.3
Armour         | |  3.2
Dodging        | |  0.5
Shields        | |  3.2

Action                     || total
---------------------------++-------
  Melee: Long sword        ||    59
    Use: Potion            ||     4
         Scroll            ||     2
 Armour: Scale mail        ||    19
         Skin              ||     5
  Dodge: Dodged            ||    27
  Block: Buckler           ||    16
